 Dungeon Crawl Stone Soup version 0.29-a0-270-g1586fc07ea (webtiles) character file.

Game seed: 11898737518536549083

24 spaghetti the Skirmisher (level 2, -1/24 HPs)
             Began as a Demonspawn Gladiator on Mar 7, 2022.
             Killed from afar by Natasha (7 damage)
             ... with a magic dart
             ... on level 1 of the Dungeon.
             The game lasted 00:01:07 (1184 turns).

spaghetti the Skirmisher (Demonspawn Gladiator)     Turns: 1184, Time: 00:01:08

Health: -1/24      AC:  6    Str: 14    XL:     2   Next: 79%
Magic:  2/2        EV: 12    Int:  9    God:
Gold:   72         SH:  5    Dex: 14    Spells: 1/1 levels left

rFire   . . .      SeeInvis .   e - +0 quarterstaff {staff}
rCold   . . .      Faith    .   (shield currently unavailable)
rNeg    . . .      Spirit   .   a - +0 leather armour
rPois   .          Reflect  +   b - +0 helmet
rElec   .          Harm     .   (no cloak)
rCorr   .          Rampage  .   (no gloves)
Will    .....                   (no boots)
Stlth   +.........              l - amulet of reflection
HPRegen 0.08/turn               (no ring)
MPRegen 0.08/turn               (no ring)

@: brilliant, flying
A: icy blue scales 1
a: no special abilities


You were on level 1 of the Dungeon.
You visited 1 branch of the dungeon, and saw 2 of its levels.

You collected 72 gold pieces.


Innate Abilities, Weirdness & Mutations

You are partially covered in icy blue scales. (AC +2)


   Skills:
 + Level 3.4 Fighting
 - Level 1.7 Throwing
 - Level 2.6 Dodging
 - Level 2.6 Unarmed Combat


You had one spell level left.
You didn't know any spells.
Your spell library was empty.

Inventory:

Hand Weapons
 e - a +0 quarterstaff (weapon) {staff}
   (You found it on level 1 of the Dungeon)
Missiles
 c - 3 throwing nets {=f!fthrowing}
 d - a javelin (quivered) {throwing}
 n - 3 silver javelins {throwing}
Armour
 a - a +0 leather armour (worn)
 b - a +0 helmet (worn)
Magical Staves
 k - a staff of air {!astaff}
   (You found it on level 1 of the Dungeon)
Jewellery
 l - an amulet of reflection (around neck)
   (You found it on level 1 of the Dungeon)
Scrolls
 f - 2 scrolls of fog {unknown}
 g - 5 scrolls of vulnerability {unknown}
 h - a scroll of immolation {unknown}
 i - a scroll of magic mapping {unknown}

Dungeon Overview and Level Annotations

Branches:
Dungeon (2/15)

Altars:

Annotations:
D:1 Natasha

#.........##.#.#.#.#
##############.###..............#
..................##...###......#
...............##.###...........#
.################.# ######.....##
...# #.# #...#.... ##.#
#.#######.###.### #.#
######h.5..........# #.##
#...h@h......#.##### #..#
#.##########.#.# #..# #.# #.#.#
#..# ##.## #.#.# ##..#
###...###### #.#.#
.+..#####...#......####.#.#
##........#...####........#
#..########.## ######.### ####
#..# #.# #.# ♣♣...


You could see Natasha, a crimson imp (summoned) and 2 jackals.


Message History

No target in view!
No target in view!
No target in view!
No target in view!
No target in view!
No target in view!
No target in view!
No target in view!
n - 3 silver javelins {throwing}
There is a stone staircase leading down here.
o - a sedimented puce potion You see here a +0 dagger {short}.
There is an open gate here.
You open the door.
There is an open door here.
Done exploring.
(D) Dungeon
Where to? (? - help)
There is an open gate here.
There is a stone staircase leading down here.
You climb downwards.
Natasha hisses angrily.
There is a stone staircase leading up here.
There are monsters nearby!
Unknown command.
Unknown command.
There are monsters nearby!
There are monsters nearby!
There are monsters nearby!
You sock Natasha! Natasha casts a spell at you.
The magic dart hits you but does no damage.
You hit Natasha but do no damage. The jackal barely misses you.
Natasha claws you. 😕 HP[-2]
You take 2 damage, and now have 22/24 hp.
You barely miss Natasha. The jackal misses you.
The jackal bites you but does no damage.
Natasha casts a spell at you. The magic dart hits you!
The jackal bites you but does no damage. x2 😮 HP[-8]
You take 8 damage, and now have 14/24 hp.
MASSIVE DAMAGE!! (PAUSE) Natasha claws you.
* * * LOW HITPOINT WARNING * * *
You block the jackal's attack. The jackal closely misses you.
You climb upwards.
There is a stone staircase leading down here. 😨 HP[-4]
You take 4 damage, and now have 10/24 hp.
Unknown command.
It was a potion of brilliance.
You feel clever all of a sudden.
You block the jackal's attack. x2; Natasha closely misses you.
The jackal misses you. The jackal barely misses you.
It was a potion of heal wounds.
You feel much better. You block Natasha's attack.
The jackal bites you but does no damage.
The jackal closely misses you. 😎 HP[+14]
Your hp is fully restored (24).
It was a potion of flight.
You feel very buoyant.
You fly up into the air.
The jackal bites you but does no damage.
The jackal closely misses you. Natasha claws you but does no damage.
You block the jackal's attack. x2
You hit Natasha. Natasha claws you but does no damage.
The jackal barely misses you. The jackal bites you.
Natasha claws you but does no damage. 😕 HP[-2]
You take 2 damage, and now have 22/24 hp.
You closely miss the jackal. The jackal closely misses you.
The jackal misses you.
The jackal bites you but does no damage.
You block the jackal's attack.
Natasha stares at you and mumbles some strange words.
The magic dart hits you! 😮 HP[-7]
You take 7 damage, and now have 15/24 hp.
MASSIVE DAMAGE!! (PAUSE)
You hit Natasha. You block the jackal's attack. The jackal closely misses you.
Natasha claws you.
The jackal barely misses you. x2 😮 HP[-2]
You take 2 damage, and now have 13/24 hp.
You hit Natasha. The jackal closely misses you. The jackal bites you.
* * * LOW HITPOINT WARNING * * *
Natasha casts a spell.
The jackal bites you.
* * * LOW HITPOINT WARNING * * *
The jackal barely misses you. Natasha claws you.
* * * LOW HITPOINT WARNING * * *
😱 HP[-7]
You take 7 damage, and now have 6/24 hp.
MASSIVE DAMAGE!! (PAUSE)
You hit Natasha. The jackal barely misses you. You block the jackal's attack.
Natasha stares at you and mumbles some strange words.
The magic dart hits you!
You die...

Skill      XL: |  1  2 |
---------------+-------+-----
Fighting       | 3 |  3.4
Throwing       | |  1.7
Dodging        | |  2.6
Unarmed Combat | |  2.6

Action                   || total
-------------------------++-------
Melee: Quarterstaff      ||    39
       Unarmed           ||     9
  Use: Potion            ||     3
Armor: Leather armour    ||    20
Dodge: Dodged            ||    32
Block: Other             ||    13

Levels and vault maps discovered:
D:1:      sevenhm_arrival_forest_fort_large_2, layout_loops_ring,
          minmay_door_square, minmay_unequal
D:2:      layout_rooms, st_stairs_2, dreamdust_princess_corridor,
          guppyfry_early_orc_mine, uniq_natasha

Notes
Turn   | Place    | Note
-------+----------+-------------------------------------------
     0 | D:1      | spaghetti the Demonspawn Gladiator began the quest for the
                  | Orb.
     0 | D:1      | Reached XP level 1. HP: 16/16 MP: 1/1
     0 | D:1      | magus.rc [v1.9.6]
   440 | D:1      | Gained mutation: You are partially covered in icy blue
                  | scales. (AC +2) [demonic ancestry]
   440 | D:1      | Reached XP level 2. HP: 23/23 MP: 2/2
   635 | D:1      | Reached skill level 3 in Fighting
  1171 | D:2      | Noticed Natasha
  1183 | D:1      | HP: 6/24 [Natasha (2)]
  1184 | D:1      | Noticed a crimson imp
  1184 | D:1      | Killed from afar by Natasha

Vanquished Creatures
  2 dart slugs (D:1)
  2 ball pythons (D:1)
  2 endoplasms (D:1)
  A giant cockroach (D:1)
  2 hobgoblins (D:1)
  A frilled lizard (D:1)
  6 goblins (D:1)
  A rat (D:1)
17 creatures vanquished.

Table legend:
 A = Non-vault XP
 B = Vault XP
 C = Vault XP percentage of total XP
 D = Non-vault monster count
 E = Vault monster count
 F = Vault count percentage of total count
                 A         B        C        D         E       F
            +---------+---------+-------+---------+---------+-------
      Total |      33 |       2 |   5.7 |      16 |       1 |   5.9
            +---------+---------+-------+---------+---------+-------
        D:1 |      33 |       2 |   5.7 |      16 |       1 |   5.9
            +---------+---------+-------+---------+---------+-------

Illustrated notes

Table legend:
 A = Kills in this place as a percentage of kills in entire the game.
 B = Kills by you in this place as a percentage of kills by you in the entire game.
 C = Kills by friends in this place as a percentage of kills by friends in the entire game.
 D = Other kills in this place as a percentage of other kills in the entire game.
 E = Experience gained in this place as a percentage of experience gained in the entire game.
 F = Experience gained in this place divided by the number of levels of this place that you have seen.
                   A       B       C       D       E      F
               +-------+-------+-------+-------+-------+----------------------
         Total | 100.0 | 100.0 |   N/A |   N/A | 100.0 |  17.5
       Dungeon | 100.0 | 100.0 |   N/A |   N/A | 100.0 |  17.5
               +-------+-------+-------+-------+-------+----------------------

Table legend: (Time is in decaauts)
 A = Elapsed time spent in this place.
 B = Non-inter-level travel time spent in this place.
 C = Inter-level travel time spent in this place.
 D = Time resting spent in this place.
 E = Time spent auto-exploring this place.
 F = Levels seen in this place.
 G = Mean time per level.
                   A        B        C        D        E       F      G
               +--------+--------+--------+--------+--------+-----+--------+
         Total |   1194 |   1153 |     41 |      0 |    997 |   2 |  597.0 |
       Dungeon |   1194 |   1153 |     41 |      0 |    997 |   2 |  597.0 |
               +--------+--------+--------+--------+--------+-----+--------+

Top non-repeatable levels by time:
     D:1: 1189 daAuts
     D:2: 5 daAuts
